 Dungeon Crawl Stone Soup version 0.17.0-18-gaab0e96 (webtiles) character file.

145518 HaroldButt the Champion of Chaos (level 16, -1/132 HPs)
             Began as a Demonspawn Gladiator on Nov 11, 2015.
             Was the Champion of Makhleb.
             Hit by a javelin thrown by a merfolk javelineer (6 damage)
             ... on level 4 of the Shoals.
             The game lasted 03:00:23 (33132 turns).

HaroldButt the Champion of Chaos (DsGl)            Turns: 33132, Time: 03:00:23

Health: -1/132     AC: 28    Str: 26    XL:     16   Next: 87%
Magic:  27/27      EV: 20    Int:  9    God:    Makhleb [******]
Gold:   277        SH:  0    Dex: 19    Spells: 0 memorised, 15 levels left

rFire  . . .     SeeInvis .       - Unarmed
rCold  + + +     Clarity  +     h - +4 scale mail {MR+}
rNeg   . . .     SustAt   .     (no shield)
rPois  +         Gourm    .     U - +0 hat of the Scribe {+Blink rC+ Str+6}
rElec  .         Spirit   .     G - +2 cloak {rPois}
rCorr  .         Warding  .     (gloves unavailable)
rMut   .         Stasis   .     (no boots)
MR     ++...                    o - amulet of clarity
Stlth  ..........               B - ring of Robustness {AC+8}
                                P - ring of flight

@: very slightly contaminated, hasted, very quick, very resistant to hostile
enchantments, extremely unstealthy
A: antennae 1, claws 3, icy blue scales 3, cold resistance 2, powered by pain 2,
spit poison 1, strong 1
a: Spit Poison, Minor Destruction, Lesser Servant of Makhleb, Major Destruction,
Greater Servant of Makhleb, Renounce Religion, Evoke Blink, Evoke Flight


You were on level 4 of the Shoals.
You worshipped Makhleb.
Makhleb was exalted by your worship.
You were not hungry.

You visited 6 branches of the dungeon, and saw 33 of its levels.
You also visited: Bailey.

You collected 3309 gold pieces.
You spent 3032 gold pieces at shops.

Inventory:

Armour
 h - a +4 scale mail of magic resistance (worn)
 G - a +2 cloak of poison resistance (worn)
 R - the +1 cloak "Hiwkewepp" {rCorr MP-9 Str+2 Int+4 SInv}
   (You found it on level 8 of the Lair of Beasts)

   It affects your strength (+2).
   It affects your intelligence (+4).
   It affects your magic capacity (-9).
   It lets you see invisible.
   It protects you from acid and corrosion.
 U - the +0 hat of the Scribe (worn) {+Blink rC+ Str+6}
   (You found it on level 10 of the Dungeon)

   It affects your strength (+6).
   It protects you from cold.
   It lets you blink.
Jewellery
 n - an uncursed ring of poison resistance
 o - an amulet of clarity (around neck)
 w - an uncursed amulet of resist mutation
 y - an uncursed ring of protection from fire
 B - the ring of Robustness (right claw) {AC+8}
   (You bought it in a shop on level 5 of the Dungeon)

   [ring of protection]

   It affects your AC (+8).
 P - a ring of flight (left claw)
 W - the amulet of the Priest {Ward +Blink rN+ Int+3}
   (You found it on level 8 of the Lair of Beasts)

   [amulet of warding]

   It may prevent the melee attacks of summoned creatures.
   It affects your intelligence (+3).
   It protects you from negative energy.
   It lets you blink.
Wands
 b - a wand of hasting (3)
 c - a wand of digging (15)
 q - a wand of hasting (7)
 z - a wand of lightning (4)
 C - a wand of invisibility (3)
 K - a wand of fire (2)
 L - a wand of paralysis (7)
 O - a wand of lightning (6)
 Q - a wand of teleportation (3)
 S - a wand of disintegration (4)
 X - a wand of paralysis (11)
 Y - a wand of draining (5)
Scrolls
 e - 8 scrolls of enchant armour
 i - 5 scrolls of recharging
 j - 2 scrolls of fear
 s - a scroll of vulnerability
 t - 10 scrolls of teleportation
 v - 5 scrolls of amnesia
 H - 5 scrolls of immolation
 M - 5 scrolls of fog
 V - 7 scrolls of remove curse
 Z - 2 scrolls of summoning
Potions
 a - 10 potions of curing
 f - a potion of resistance
 k - 2 potions of brilliance
 l - 4 potions of flight
 p - 5 potions of might
 r - a potion of invisibility
 x - a potion of berserk rage
 A - a potion of cure mutation
 I - 5 potions of magic
 J - 2 potions of haste
 N - 2 potions of heal wounds
Comestibles
 d - 14 bread rations
 g - 8 beef jerkies
 m - 2 royal jellies
 u - 6 chunks of flesh
 D - 11 slices of pizza
 E - 8 fruits
 F - 11 meat rations


   Skills:
 + Level 13.8 Fighting
 - Level 1.7 Throwing
 - Level 10.0 Armour
 + Level 13.9 Dodging
 + Level 14.5 Unarmed Combat
 - Level 15.2 Invocations
 + Level 6.4 Evocations


You had 15 spell levels left.
You didn't know any spells.

Dungeon Overview and Level Annotations

Branches:
Dungeon (15/15)            Temple (1/1) D:7            Lair (8/8) D:10
 Shoals (4/4) Lair:5        Snake (1/4) Lair:3        Slime (0/6) Lair:7
    Orc (4/4) D:10            Elf (0/3) Orc:4        Vaults (0/5) D:14
 Depths (0/5) D:15

Altars:
Ashenzari
Cheibriados
Dithmenos
Elyvilon
Fedhas
Gozag
Kikubaaqudgha
Makhleb
Nemelex Xobeh
Okawaru
Qazlal
Ru
Sif Muna
Trog
Vehumet
Xom
Yredelemnul
Zin
The Shining One
Beogh
Jiyva

Shops:
D:5 ?=(==   D:7 (   D:8 !   Orc:1 %}(   Orc:2 }   Orc:4 }%([

Portals:
Hell: Lair:8

Annotations:
D:15 29 runed doors
Lair:2 hydra
Lair:7 1 runed door
Snake:1 Rupert


Innate Abilities, Weirdness & Mutations

You have claws for hands.
You are completely covered in icy blue scales (AC +4, EV -1, rC+).
Your flesh is very cold resistant.
You sometimes gain power by taking damage.
You have a pair of small antennae on your head.
You can spit weak poison.
Your muscles are strong. (Str +2)


Message History

* * * LOW HITPOINT WARNING * * *
Evoke which item? (* to show all) (? for menu, Esc to quit)
Zapping:
q - a wand of hasting (8)
Press: ? - help, Shift-Dir - straight line, f - you You feel yourself speed up.
You are very lightly contaminated with residual magic.
This wand has 7 charges left.
The merfolk javelineer throws a javelin.
The javelin hits you.
* * * LOW HITPOINT WARNING * * *
You miss the merfolk javelineer.
The merfolk javelineer throws a javelin.
The javelin hits you!
* * * LOW HITPOINT WARNING * * *
You miss the merfolk javelineer.
You feel sick.
You are no longer poisoned.
You miss the merfolk javelineer.
The merfolk javelineer throws a javelin.
The javelin hits you.
You die...

≈≈≈≈≈≈≈≈≈≈..≈≈.....≈
≈≈≈≈≈≈≈≈≈≈..≈≈≈....≈≈
≈≈≈≈≈≈≈≈≈≈.≈(≈≈....≈≈
≈≈≈≈≈≈≈≈≈≈..≈≈≈....≈≈
≈≈≈≈≈≈≈≈≈.m..≈≈....≈≈
≈≈≈≈≈≈≈m)m.m.≈≈...<≈≈
≈≈≈≈≈≈≈)m##mm.≈≈...≈≈
≈≈≈≈(≈.(#m#(m..≈...≈≈
≈≈≈≈≈≈..@#m##..≈≈≈.≈≈
≈≈≈≈≈≈..#####{..≈≈≈≈≈
≈≈≈≈≈..## #(≈.≈≈≈≈≈
≈≈≈≈..........≈≈≈≈≈≈≈
≈≈≈≈...........≈≈≈≈≈#
≈≈.............≈≈≈≈##
≈..............≈≈≈≈#
≈... ....m.....≈≈≈#
≈m........≈≈≈≈#


You could see 2 merfolk javelineers.

Vanquished Creatures
  3 krakens
  A fire giant (D:15)
  Maud (Lair:5)
  2 orc warlords
  The ghost of 4thArraOfDagon the Severer, a journeyman MiFi of Okawaru (Lair:7)
  Nessos (Lair:8)
  A dire elephant (Lair:8)
  Snorg (Orc:2)
  3 merfolk impalers
  Josephine (Lair:5)
  Erolcha (D:9)
  Harold (Lair:2)
  4 hydras
  2 alligator snapping turtles
  3 satyrs
  Erica (D:10)
  9 centaur warriors
  A merfolk avatar (Shoals:1)
  A rakshasa (D:12)
  4 catoblepae
  9 death yaks
  A queen ant (Lair:6)
  The ghost of Rayvis the Cleaver, a novice MiFi of Cheibriados (D:9)
  4 sea snakes
  A deep elf knight (D:14)
  A sun demon (Lair:8)
  A skeletal warrior (D:14)
  An unseen horror (shapeshifter) (D:13)
  An unseen horror (D:15)
  5 hill giants
  The ghost of Anothat the Cudgeler, a novice GrFi (D:7)
  4 orc knights
  6 harpies
  18 fauns
  8 manticores
  2 orc sorcerers (Orc:4)
  3 cyclopes
  7 griffons
  19 ugly things
  5 sirens
  5 elephants
  3 centaur zombies
  2 water nymphs (Shoals:2)
  A sixfirhy (Lair:8)
  A smoke demon (Lair:8)
  2 orange demons (Lair:8)
  2 gargoyles
  2 torpor snails
  10 black mambas
  15 spiny frogs
  7 komodo dragons
  4 yaktaurs (D:14)
  3 blue devils (Lair:8)
  A red devil (Lair:8)
  3 two-headed ogres
  8 fire drakes
  A tengu conjurer (D:12)
  8 trolls
  18 merfolk
  A polar bear (Lair:7)
  Grinder (D:6)
  Prince Ribbit (D:5)
  3 wind drakes
  4 snapping turtles
  A hornet zombie (D:15)
  A trapdoor spider zombie (D:11)
  15 blink frogs
  A harpy skeleton (D:15)
  4 slime creatures (D:14)
  5 deep elf magi
  4 water elementals
  10 basilisks
  4 wraiths (Lair:5)
  Eustachio (D:4)
  8 wyverns
  52 yaks
  A steam dragon (Lair:6)
  18 hippogriffs
  12 vampire mosquitoes
  2 wargs (Orc:4)
  A deep elf fighter (D:14)
  3 wolves (Lair:6)
  An insubstantial wisp (Lair:2)
  41 orc warriors
  4 hell hounds (Lair:8)
  10 water moccasins
  4 porcupines
  7 soldier ants (Lair:6)
  A swamp drake (D:10)
  A black bear (D:10)
  An ice beast (D:10)
  11 ogres
  2 necrophages
  4 phantoms
  10 centaurs
  3 sky beasts
  6 big kobolds
  26 giant frogs
  12 crocodiles
  2 wyvern skeletons
  2 scorpions
  10 wights (D:12)
  3 killer bees
  10 crimson imps
  An iron imp (D:10)
  2 electric eels (Lair:4)
  3 giant frog zombies
  4 hounds
  10 jellies
  41 orc wizards
  21 orc priests
  Crazy Yiuf (D:5)
  Ijyb (D:2)
  8 centaur skeletons
  2 giant frog skeletons
  13 iguanas
  Natasha (D:2)
  25 worker ants
  19 sheep
  A hound zombie (D:8)
  A hound skeleton (D:7)
  A worker ant zombie (D:4)
  15 gnolls
  69 river rats
  6 adders
  6 shadow imps
  A white imp (D:10)
  6 oozes
  2 adder zombies
  A worm (D:3)
  A giant gecko (D:4)
  191 orcs
  A ball python (D:3)
  2 gnoll zombies (D:9)
  16 hobgoblins
  3 bats
  2 giant cockroaches
  A giant gecko skeleton (D:8)
  8 giant newts
  32 goblins
  15 jackals
  A jackal skeleton (D:7)
  A jackal zombie (D:5)
  17 kobolds
  3 quokkas
  A quokka skeleton (D:4)
  3 rats
  3 fungi
  A plant (Lair:2)
  9 tentacles
  A tentacle segment (Shoals:2)
1133 creatures vanquished.

Vanquished Creatures (collateral kills)
  A merfolk javelineer (Shoals:4)
  5 hydras
  A wizard (Lair:8)
  2 yaks (Lair:2)
  A water elemental (Shoals:1)
  2 wyverns (Lair:6)
  A hippogriff (Lair:6)
  2 basilisks (Lair:6)
  2 porcupines
  A giant frog (Lair:7)
  3 sheep (Lair:7)
  A worker ant (Lair:6)
  3 tentacles
25 creatures vanquished.

Vanquished Creatures (others)
  A spiny frog (Lair:8)
  2 orc wizards (D:10)
  22 fungi
  28 plants
  26 tentacles
  1216 tentacle segments
1295 creatures vanquished.

Grand Total: 2453 creatures vanquished

Notes
Turn   | Place    | Note
--------------------------------------------------------------
     0 | D:1      | HaroldButt the Demonspawn Gladiator began the quest for the Orb.
     0 | D:1      | Reached XP level 1. HP: 16/16 MP: 1/1
   614 | D:1      | Reached skill level 3 in Unarmed Combat
   804 | D:1      | Gained mutation: You have sharp fingernails. [demonic ancestry]
   804 | D:1      | Reached XP level 2. HP: 9/22 MP: 2/2
  1220 | D:2      | Found a glowing silver altar of Zin.
  1222 | D:2      | Noticed an angel
  1227 | D:2      | Found a shimmering altar of Xom.
  1508 | D:2      | Gained mutation: Your muscles are strong. (Str +2) [potion of beneficial mutation]
  1561 | D:2      | Noticed Ijyb
  1590 | D:2      | Killed Ijyb
  1590 | D:2      | Reached skill level 4 in Unarmed Combat
  1590 | D:2      | Reached XP level 3. HP: 13/27 MP: 3/3
  1971 | D:2      | Gained mutation: You are partially covered in icy blue scales (AC +1). [demonic ancestry]
  1971 | D:2      | Reached XP level 4. HP: 33/33 MP: 4/4
  2009 | D:2      | Found an ancient bone altar of Kikubaaqudgha.
  2047 | D:2      | Found an opulent altar of Gozag.
  2077 | D:2      | Noticed Natasha
  2717 | D:2      | Killed Natasha
  2717 | D:2      | Reached skill level 5 in Unarmed Combat
  2946 | D:3      | Found a faded altar to an unknown god.
  3256 | D:3      | Gained mutation: You are mostly covered in icy blue scales (AC +3, EV -1). [demonic ancestry]
  3256 | D:3      | Reached XP level 5. HP: 38/38 MP: 5/5
  3773 | D:4      | Noticed an ogre
  3783 | D:4      | Killed an ogre
  3783 | D:4      | Reached skill level 6 in Unarmed Combat
  4050 | D:4      | Reached XP level 6. HP: 42/44 MP: 6/6
  4204 | D:4      | Noticed an ogre
  4229 | D:4      | Killed an ogre
  4301 | D:4      | Noticed Eustachio
  4333 | D:4      | Killed Eustachio
  4333 | D:4      | Reached skill level 7 in Unarmed Combat
  4427 | D:4      | Gained mutation: You have very sharp fingernails. [demonic ancestry]
  4427 | D:4      | Reached XP level 7. HP: 50/50 MP: 7/7
  4633 | D:5      | Entered Level 5 of the Dungeon
  4637 | D:5      | Found Voahiaqe's Jewellery Shop.
  4641 | D:5      | Found Raimoez's Jewellery Shop.
  4843 | D:5      | Found a white marble altar of Elyvilon.
  4859 | D:5      | Found Bociav's Magic Scroll Emporium.
  4860 | D:5      | Noticed Prince Ribbit
  4865 | D:5      | Killed Prince Ribbit
  4865 | D:5      | Reached skill level 8 in Unarmed Combat
  4875 | D:5      | Bought a scroll of magic mapping for 38 gold pieces
  4875 | D:5      | Bought a scroll of enchant weapon for 82 gold pieces
  4875 | D:5      | Bought a scroll of teleportation for 33 gold pieces
  4919 | D:5      | Got a shimmering copper amulet
  4920 | D:5      | Identified the amulet of the Scavenger {Stasis rElec Dex+2} (You found it on level 5 of the Dungeon)
  5300 | D:5      | Found Ehaex's Antique Weapon Shoppe.
  5325 | D:5      | Found Monotop's Jewellery Shoppe.
  5365 | D:5      | Noticed Crazy Yiuf
  5373 | D:5      | Killed Crazy Yiuf
  5373 | D:5      | Reached skill level 9 in Unarmed Combat
  5373 | D:5      | Gained mutation: You have claws for hands. [demonic ancestry]
  5373 | D:5      | Reached XP level 8. HP: 42/56 MP: 8/8
  5642 | D:6      | Noticed Grinder
  5646 | D:6      | Paralysed by Grinder for 4 turns
  5667 | D:6      | Killed Grinder
  5929 | D:6      | Reached skill level 10 in Unarmed Combat
  6058 | D:6      | Reached skill level 1 in Evocations
  6390 | D:6      | Reached skill level 1 in Armour
  6605 | D:7      | Found Zuoppow's Weapon Shop.
  6635 | D:7      | Reached XP level 9. HP: 61/61 MP: 10/10
  6715 | D:7      | Noticed Anothat's ghost (novice GrFi)
  6780 | D:7      | Killed Anothat's ghost
  7271 | D:7      | Found a staircase to the Ecumenical Temple.
  7321 | Temple   | Entered the Ecumenical Temple
  7380 | Temple   | Became a worshipper of Makhleb the Destroyer
  7962 | D:8      | Reached skill level 1 in Invocations
  8027 | D:8      | Reached skill level 5 in Dodging
  8074 | D:8      | Found a deep blue altar of Sif Muna.
  8309 | D:8      | Found Mogirouz's Distillery.
  8320 | D:8      | Bought a potion of heal wounds for 65 gold pieces
  8320 | D:8      | Bought a potion of flight for 39 gold pieces
  8320 | D:8      | Bought a potion of magic for 104 gold pieces
  8636 | D:8      | Gained mutation: Your flesh is cold resistant. [demonic ancestry]
  8636 | D:8      | Reached XP level 10. HP: 39/72 MP: 12/12
  8638 | D:8      | You fall through a shaft for 2 floors!
  8638 | D:10     | Entered Level 10 of the Dungeon
  8640 | D:10     | Noticed Erica
  8641 | D:10     | Found a staircase to the Lair.
  8642 | D:10     | Noticed an elephant
  8671 | D:10     | Killed an elephant
  8903 | D:9      | Noticed Erolcha
  8929 | D:9      | Killed Erolcha
  8929 | D:9      | Reached * piety under Makhleb
  9045 | D:9      | Noticed Rayvis's ghost (novice MiFi)
  9168 | D:8      | Noticed a two-headed hydra
  9307 | D:10     | Noticed a hill giant
  9323 | D:10     | Killed a hill giant
  9492 | D:11     | Found a flagged portal.
  9520 | Bailey   | Entered a bailey
  9718 | Bailey   | Reached ** piety under Makhleb
  9778 | Bailey   | Noticed an orc knight
  9838 | Bailey   | HP: 3/73 [orc warrior/hand axe (12)]
  9931 | Bailey   | Killed an orc knight
  9931 | Bailey   | Reached skill level 10 in Dodging
 10208 | Bailey   | Reached *** piety under Makhleb
 10226 | Bailey   | Noticed an orc warlord
 10232 | Bailey   | Gained mutation: You sometimes gain a little power by taking damage. [demonic ancestry]
 10232 | Bailey   | Reached XP level 11. HP: 78/78 MP: 13/13
 10232 | Bailey   | Killed an orc warlord
 10232 | Bailey   | Reached skill level 11 in Dodging
 10420 | Bailey   | Gained mutation: Your flesh is very cold resistant. [potion of beneficial mutation]
 10421 | Bailey   | Gained mutation: You evolve. [potion of beneficial mutation]
 10577 | D:10     | Killed Erica
 10632 | D:10     | Reached **** piety under Makhleb
 10657 | D:10     | Reached skill level 5 in Invocations
 11219 | D:10     | Got a fine hat
 11245 | D:10     | Identified the +0 hat of the Scribe {+Blink rC+ Str+6} (You found it on level 10 of the Dungeon)
 11363 | D:10     | Reached ***** piety under Makhleb
 11453 | D:10     | Found a staircase to the Orcish Mines.
 11517 | D:9      | Killed Rayvis's ghost
 11605 | D:9      | Reached skill level 10 in Invocations
 11744 | D:9      | Found a basalt altar of Yredelemnul.
 11754 | D:9      | Gained mutation: You can spit weak poison. [evolution]
 11754 | D:9      | Lost mutation: You evolve. [end of evolution]
 11956 | D:9      | Found a snail-covered altar of Cheibriados.
 12286 | Lair:1   | Entered Level 1 of the Lair of Beasts
 12438 | Lair:1   | Reached skill level 5 in Fighting
 12472 | Lair:1   | Gained mutation: You sometimes gain power by taking damage. [demonic ancestry]
 12472 | Lair:1   | Reached XP level 12. HP: 80/86 MP: 20/20
 13042 | Lair:2   | Noticed a six-headed hydra
 13085 | Lair:2   | Noticed Harold
 13147 | Lair:2   | Killed Harold
 13303 | Lair:2   | Reached skill level 12 in Invocations
 13336 | Lair:2   | Noticed a catoblepas
 13360 | Lair:2   | Killed a catoblepas
 13662 | Lair:2   | Reached ****** piety under Makhleb
 14083 | Lair:3   | Reached skill level 13 in Invocations
 14117 | Lair:3   | Found a staircase to the Snake Pit.
 15704 | Lair:5   | Noticed Maud
 16185 | Lair:6   | Reached skill level 14 in Invocations
 16185 | Lair:6   | Reached XP level 13. HP: 99/99 MP: 23/23
 16591 | Lair:6   | Noticed a seven-headed hydra
 16605 | Lair:6   | Noticed a catoblepas
 16615 | Lair:6   | Killed a catoblepas
 16886 | Lair:6   | Noticed a balrug
 17008 | Lair:7   | Reached skill level 15 in Invocations
 17067 | Lair:7   | Noticed 4thArraOfDagon's ghost (journeyman MiFi)
 17085 | Lair:7   | Killed 4thArraOfDagon's ghost
 17482 | Lair:7   | Found a runed door.
 17483 | Lair:7   | Found a viscous altar of Jiyva.
 17483 | Lair:7   | Found a staircase to the Slime Pits.
 17753 | Lair:6   | Killed a seven-headed hydra
 17916 | Lair:6   | Reached skill level 10 in Fighting
 18307 | Lair:5   | Killed Maud
 18307 | Lair:5   | Reached skill level 5 in Armour
 18389 | Lair:5   | Found a staircase to the Shoals.
 18514 | Lair:5   | Noticed Josephine
 18518 | Lair:5   | Killed Josephine
 18972 | Lair:2   | Gained mutation: You are completely covered in icy blue scales (AC +4, EV -1, rC+). [demonic ancestry]
 18972 | Lair:2   | Reached XP level 14. HP: 81/111 MP: 25/25
 18998 | Lair:2   | Killed a six-headed hydra
 19404 | D:8      | Killed a seven-headed hydra
 19469 | Orc:1    | Entered Level 1 of the Orcish Mines
 19470 | Orc:1    | Found Ixigoto's Weapon Boutique.
 19741 | Orc:2    | Noticed Snorg
 19756 | Orc:2    | Killed Snorg
 19923 | Orc:3    | You fall through a shaft!
 19923 | Orc:4    | Entered Level 4 of the Orcish Mines
 20015 | Orc:4    | Found a roughly hewn altar of Beogh.
 20016 | Orc:4    | Found Cestec's Gadget Shoppe.
 20164 | Orc:4    | Found a roughly hewn altar of Beogh.
 20213 | Orc:4    | Found a roughly hewn altar of Beogh.
 20290 | Orc:4    | Found a roughly hewn altar of Beogh.
 20301 | Orc:4    | Found Uzaolisk's Food Emporium.
 20386 | Orc:4    | Found a roughly hewn altar of Beogh.
 20451 | Orc:4    | Found a roughly hewn altar of Beogh.
 20477 | Orc:4    | Found a staircase to the Elven Halls.
 20653 | Orc:4    | Noticed an orc warlord
 20661 | Orc:4    | Killed an orc warlord
 20766 | Orc:4    | Found Oweholoj's Antique Weapon Emporium.
 20768 | Orc:4    | Found a roughly hewn altar of Beogh.
 20771 | Orc:4    | Found Tegiam's Antique Armour Shoppe.
 20788 | Orc:4    | Bought a pitted chain mail for 285 gold pieces
 20788 | Orc:4    | Bought a translucent chain mail for 285 gold pieces
 20788 | Orc:4    | Bought a shimmering shield for 285 gold pieces
 20801 | Orc:4    | Identified the +1 chain mail of the Eight Boll Weevils {Dex-3 Slay+2 SInv} (You bought it in a shop on level 4 of the Orcish Mines)
 20811 | Orc:4    | Identified the cursed +0 chain mail of the Armoured One {SInv} (You bought it in a shop on level 4 of the Orcish Mines)
 20816 | Orc:4    | Identified the +4 shield of Hulyufata {-Tele rElec rCorr Dex-3} (You bought it in a shop on level 4 of the Orcish Mines)
 21050 | Orc:3    | You fall through a shaft!
 21538 | Orc:2    | Found Teoffom's Gadget Boutique.
 21880 | Orc:1    | Found Ysuver's Gadget Shoppe.
 21949 | Orc:1    | Found Syolojig's Food Emporium.
 22475 | Lair:8   | Entered Level 8 of the Lair of Beasts
 22592 | Lair:8   | Noticed Nessos
 22619 | Lair:8   | Killed Nessos
 22650 | Lair:8   | Got a bloodstained cloak
 22662 | Lair:8   | Identified the +1 cloak "Hiwkewepp" {rCorr MP-9 Str+2 Int+4 SInv} (You found it on level 8 of the Lair of Beasts)
 22980 | Lair:8   | Gained mutation: You have a pair of small antennae on your head. [potion of beneficial mutation]
 23079 | Lair:8   | Found a burning altar of Makhleb.
 23149 | Lair:8   | Found a gateway to Hell.
 23157 | Lair:8   | Got a brightly glowing ivory amulet
 23160 | Lair:8   | Identified the amulet of the Priest {Ward +Blink rN+ Int+3} (You found it on level 8 of the Lair of Beasts)
 23712 | Lair:6   | Reached XP level 15. HP: 120/120 MP: 26/26
 24720 | D:5      | Bought the ring of Robustness {AC+8} for 1536 gold pieces
 26303 | D:14     | Found a gate to the Vaults.
 27126 | D:15     | Entered Level 15 of the Dungeon
 27304 | D:15     | Found a staircase to the Depths.
 27859 | D:15     | Found a huge runed gate.
 27859 | D:15     | Found a huge runed gate.
 27859 | D:15     | Found a huge runed gate.
 27859 | D:15     | Found a huge runed gate.
 27859 | D:15     | Found a huge runed gate.
 27860 | D:15     | Found a huge runed gate.
 27861 | D:15     | Found a huge runed gate.
 27862 | D:15     | Found a huge runed gate.
 27863 | D:15     | Found a huge runed gate.
 27864 | D:15     | Found a huge runed gate.
 27896 | D:15     | Found a huge runed gate.
 27897 | D:15     | Found a huge runed gate.
 27908 | D:15     | Found a huge runed gate.
 27910 | D:15     | Found a huge runed gate.
 27920 | D:15     | Found a huge runed gate.
 27920 | D:15     | Found a huge runed gate.
 27920 | D:15     | Found a huge runed gate.
 27920 | D:15     | Found a huge runed gate.
 27920 | D:15     | Found a huge runed gate.
 27920 | D:15     | Found a huge runed gate.
 27920 | D:15     | Found a huge runed gate.
 27921 | D:15     | Found a huge runed gate.
 27975 | D:15     | Found a huge runed gate.
 27975 | D:15     | Found a huge runed gate.
 27976 | D:15     | Found a huge runed gate.
 27977 | D:15     | Found a huge runed gate.
 27977 | D:15     | Found a huge runed gate.
 27978 | D:15     | Found a huge runed gate.
 27978 | D:15     | Found a huge runed gate.
 28029 | D:15     | Reached XP level 16. HP: 96/130 MP: 27/27
 28777 | Snake:1  | Entered Level 1 of the Snake Pit
 28783 | Snake:1  | Noticed Rupert
 29103 | D:5      | Bought an uncursed amulet of clarity for 280 gold pieces
 29444 | Shoals:1 | Entered Level 1 of the Shoals
 31811 | Shoals:2 | Reached skill level 5 in Evocations
 31878 | Shoals:2 | Reached skill level 10 in Armour
 33063 | Shoals:4 | Entered Level 4 of the Shoals
 33130 | Shoals:4 | HP: 6/132 [merfolk javelineer/javelin (14)]
 33132 | Shoals:4 | Hit by a javelin thrown by a merfolk javelineer

Action                   |  1- 3 |  4- 6 |  7- 9 | 10-12 | 13-15 | 16-18 || total
-------------------------+-------+-------+-------+-------+-------+-------++-------
Melee: Unarmed           |   103 |   147 |   328 |   998 |  1850 |   497 ||  3923
 Fire: Blowgun           |       |       |       |       |     1 |       ||     1
Throw: Throwing net      |       |     1 |     2 |     2 |       |       ||     5
Invok: Lesser Servant of |       |       |       |     1 |       |       ||     1
       Minor Destruction |       |       |       |     9 |    12 |    16 ||    37
       Major Destruction |       |       |       |       |    17 |    18 ||    35
       Greater Servant o |       |       |       |       |     8 |     4 ||    12
 Abil: Evoke Flight      |       |       |       |       |       |     5 ||     5
       Evoke Blink       |       |       |       |       |       |     2 ||     2
Evoke: Wand              |       |     3 |     2 |     6 |    10 |     9 ||    30
  Use: Scroll            |     5 |     6 |    12 |     6 |    10 |     3 ||    42
       Potion            |     1 |       |       |     7 |     3 |     4 ||    15
 Stab: Sleeping          |       |     6 |    10 |     6 |       |       ||    22
       Distracted        |       |     1 |       |     1 |     2 |       ||     4
       Held in net/web   |       |       |     1 |     1 |       |       ||     2
  Eat: Chunk             |     3 |     9 |    14 |    17 |    39 |    16 ||    98
       Fruit             |       |       |       |     8 |     6 |     6 ||    20
       Bread ration      |       |       |       |     1 |       |       ||     1
